 Dungeon Crawl Stone Soup version 0.31-a0-161-gb58dd9be76 (webtiles) character file.

Game seed: 8512343369420123716

46 Moral the Sneak (level 3, 0/23 HPs)
             Began as a Kobold Brigand on June 13, 2023.
             Succumbed to Sigmund's poison
             ... on level 2 of the Dungeon.
             The game lasted 00:04:25 (1386 turns).

Moral the Sneak (Kobold Brigand)                    Turns: 1386, Time: 00:04:25

Health: 0/23       AC:  3    Str:  8    XL:     3   Next: 92%
Magic:  3/3        EV: 11    Int: 12    God:
Gold:   61         SH:  0    Dex: 18    Spells: 2/2 levels left

rFire   . . .        a - +2 dagger
rCold   . . .        (no shield)
rNeg    . . .        b - +0 robe
rPois   .            (no helmet)
rElec   .            c - +0 cloak
rCorr   .            (no gloves)
SInv    .            (no boots)
Will    .....        (no amulet)
Stlth   ++++         (no ring)
HPRegen 0.23/turn    (no ring)
MPRegen 0.08/turn

%: no passive effects
@: lethally poisoned (0 -> -22), about to teleport, constricted
A: small, no large weapons, nightstalker 3
a: no special abilities


You were on level 2 of the Dungeon.
You visited 1 branch of the dungeon, and saw 2 of its levels.

You collected 61 gold pieces.

Inventory:

Hand Weapons
 a - a +2 dagger (weapon)
Missiles
 d - 9 poisoned darts (quivered)
 e - 3 curare-tipped darts
Armour
 b - a +0 robe (worn)
 c - a +0 cloak (worn)
Scrolls
 f - a scroll of silence
 j - a scroll of poison {unknown}
Potions
 i - 2 potions of might {unknown}
 k - a potion of invisibility {unknown}


   Skills:
 * Level 3.0 Fighting
 * Level 3.4 Short Blades
 + Level 2.5 Throwing
 + Level 1.7 Dodging
 * Level 5.7 Stealth


You had 2 spell levels left.
You didn't know any spells.
Your spell library was empty.

Dungeon Overview and Level Annotations

Branches:
Dungeon (2/15)

Altars:

Annotations:
D:2 Jessica, Sigmund


Innate Abilities, Weirdness & Mutations

You are small and have problems with some larger weapons.
You are completely attuned to the shadows.


Message History

You see here a bat corpse.
A kobold comes into view. It is wielding a +0 dagger.
You hit the kobold.
You kill the kobold!
You now have 61 gold pieces (gained 9).
You open the door.
There is an open door here.
Sigmund the Dreaded comes into view.
He is wielding a +1 scythe of venom.
Sigmund is nearby!
Jessica the Apprentice Sorceress comes into view.
She is wielding a +0 club.
A ball python comes into view.
Sigmund shouts!
Jessica shouts!
Sigmund misses you.
The ball python hisses angrily.
You hit Sigmund but do no damage. The ball python barely misses you.
The ball python grabs you. The ball python constricts you.
You escape the ball python's grasp.
Sigmund hits you but does no damage.
You are poisoned.
Jessica closely misses you. Jessica attacks as you move away!
Jessica closely misses you.
You feel sick.
You feel sick. The ball python closely misses you.
The ball python completely misses you.
Jessica casts a spell.
Jessica seems to speed up.
The ball python bites you. The ball python closely misses you.
Sigmund attacks as you move away! Sigmund closely misses you.
The ball python attacks as you move away!
The ball python bites you.
You feel sick.
As you read the scroll labelled XUFYAT PAOZEL, it crumbles to dust.
It is a scroll of identify.
f - a scroll of silence You feel sick.
Sigmund hits you from afar with a +1 scythe of venom!
* * * LOW HITPOINT WARNING * * *
You are lethally poisoned!
The ball python misses you. The ball python grabs you.
The ball python constricts you.
As you read the scroll labelled ZAJITU FIASYA, it crumbles to dust.
You feel strangely unstable.
It was a scroll of teleportation.
You die...

.....†.##.#
.....#.##.#
.....#.##.#
.......#
.....#.##.#
.......#
######.##.#
.......#
#.##.#
....@@.#######
#....#
.....S........
####.#
.#####@.......
#.# #........
#.# #........
#.# #........
####.#
#........
...†..
#........
......
#........
......
#........
......
####.####
......


You could see Sigmund, Jessica (fast) and a ball python.

Vanquished Creatures
  An adder (D:2)
  3 endoplasms
  5 goblins
  3 hobgoblins (D:1)
  3 kobolds
  6 ball pythons (D:1)
  7 bats
  3 frilled lizards
  4 rats (D:1)
35 creatures vanquished.

Notes
Turn   | Place    | Note
-------+----------+-------------------------------------------
     0 | D:1      | Moral the Kobold Brigand began the quest for the Orb.
     0 | D:1      | Reached XP level 1. HP: 12/12 MP: 1/1
   106 | D:1      | Reached XP level 2. HP: 18/18 MP: 2/2
   522 | D:1      | Reached XP level 3. HP: 22/22 MP: 3/3
  1071 | D:1      | Found a faded altar of an unknown god.
  1376 | D:2      | Noticed Sigmund
  1377 | D:2      | Noticed Jessica
  1386 | D:2      | Succumbed to Sigmund's poison

Illustrated notes

Levels and vault maps discovered:
D:1:      erik_arrival_orb_chamber, layout_basic,
          hellmonk_ecumenical_altar_leap_of_faith
D:2:      layout_basic, uniq_sigmund, uniq_jessica

Skill      XL: |  1  2  3 |
---------------+----------+-----
Short Blades   | 3 |  3.4
Fighting       | 3 |  3.0
Throwing       | |  2.5
Dodging        | |  1.7
Stealth        | |  5.7

Action                     || total
---------------------------++-------
  Melee: Dagger            ||    51
    Use: Scroll            ||     2
   Stab: Sleeping          ||    24
 Armour: Robe              ||     5
  Dodge: Dodged            ||    19

Table legend: (Time is in decaauts)
 A = Elapsed time spent in this place.
 B = Non-inter-level travel time spent in this place.
 C = Inter-level travel time spent in this place.
 D = Time resting spent in this place.
 E = Time spent auto-exploring this place.
 F = Levels seen in this place.
 G = Mean time per level.
                   A        B        C        D        E       F      G
               +--------+--------+--------+--------+--------+-----+--------+
         Total |   1378 |   1370 |      8 |    224 |    937 |   2 |  689.0 |
       Dungeon |   1378 |   1370 |      8 |    224 |    937 |   2 |  689.0 |
               +--------+--------+--------+--------+--------+-----+--------+

Top non-repeatable levels by time:
     D:1: 1081 daAuts
     D:2: 297 daAuts
